Map: Thunderbird LE

Players

Denver

  • Race: Zerg Zerg
  • League: Master
  • Spawn Location: 11:00

DPGPartinG (PartinG) - Winner!

  • Race: Protoss Protoss
  • Spawn Location: 5:00

Event: HomeStory Cup XX

VOD

Have the link to the VOD?

Description

Time

  • Played on: Nov. 21, 2019, 3:11 p.m.
  • Length: 12:39

All games in this series

Show
View Real Time Build Order
Export as new Build Order

Denver Zerg 

Build Orders: Hatch First, Lurkers 

Get SALT Encoding   

  12  0:00  Drone  
  13  0:12  Overlord  
  13  0:17  Drone  
  14  0:30  Drone x2  
  16  0:47  Hatchery  
  15  0:51  Drone  
  15  0:54  Drone  
  17  0:58  Drone  
  18  1:08  Extractor  
  17  1:13  Spawning Pool  
  17  1:17  Drone  
  17  1:20  Drone  
  18  1:28  Drone  
  20  1:40  Drone  
  20  1:49  Drone  
  21  2:00  Queen x2  
  21  2:01  Zergling x2  
  26  2:02  Zergling x2  
  27  2:11  Metabolic Boost  
  27  2:13  Overlord  
  27  2:17  Drone  
  28  2:34  Hatchery  
  28  2:36  Drone  
  28  2:40  Drone  
  28  2:42  Drone  
  30  2:44  Drone  
  30  2:47  Drone  
  32  2:52  Overlord  
  32  2:56  Drone  
  34  2:58  Drone  
  34  3:04  Drone x2  
  36  3:07  Pneumatized Carapace  
  36  3:11  Drone  
  36  3:12  Drone  
  38  3:14  Drone  
  38  3:19  Overlord  
  39  3:22  Drone  
  40  3:27  Queen  
  40  3:30  Spore Crawler  
  40  3:32  Spore Crawler  
  40  3:34  Drone  
  40  3:37  Drone  
  40  3:40  Drone x2  
  44  3:44  Drone x2  
  44  3:47  Drone  
  47  3:54  Lair  
  47  3:58  Spore Crawler, Drone x2  
  47  4:00  Drone  
  48  4:04  Overlord  
  47  4:10  Spore Crawler  
  47  4:12  Drone  
  47  4:13  Drone x3  
  49  4:21  Overlord  
  49  4:22  Queen  
  51  4:28  Overlord  
  51  4:33  Zergling x12  
  57  4:39  Queen  
  57  4:41  Overlord  
  57  4:45  Zergling x8  
  60  4:55  Extractor  
  60  4:59  Zergling x14  
  66  5:08  Zergling x12  
  66  5:14  Overlord  
  72  5:19  Overlord  
  72  5:21  Overlord  
  73  5:26  Zergling x2  
  73  5:29  Overlord  
  73  5:36  Zergling x8  
  73  5:39  Queen  
  73  5:40  Queen  
  73  5:42  Drone  
  78  5:56  Zergling x8  
  81  6:03  Zergling x10  
  80  6:04  Queen  
  80  6:10  Hydralisk Den  
  71  6:15  Queen  
  69  6:19  Zergling x10, Queen  
  71  6:26  Drone  
  71  6:31  Extractor  
  71  6:32  Extractor  
  68  6:33  Drone x2  
  68  6:34  Extractor  
  68  6:36  Drone  
  69  6:40  Drone  
  69  6:41  Overlord  
  69  6:44  Extractor, Grooved Spines  
  69  6:45  Lurker Den  
  69  6:47  Drone  
  69  6:51  Drone x2  
  71  6:55  Drone x7  
  71  6:58  Overlord  
  76  7:02  Drone  
  76  7:05  Drone x2  
  76  7:06  Drone  
  80  7:10  Drone  
  80  7:15  Drone x2  
  83  7:19  Evolution Chamber  
  83  7:20  Drone  
  83  7:22  Overseer  
  83  7:24  Drone x2  
  83  7:26  Drone x3  
  83  7:29  Overlord  
  88  7:31  Drone x2  
  88  7:35  Overlord  
  88  7:36  Overlord  
  90  7:39  Overlord  
  90  7:42  Extractor  
  90  7:43  Overlord  
  85  7:45  Zerg Missile Weapons Level 1  
  84  7:54  Hatchery  
  84  7:55  Hydralisk  
  85  8:01  Hydralisk x2  
  85  8:02  Hydralisk  
  91  8:07  Hydralisk x2  
  95  8:13  Drone x3  
  95  8:16  Hydralisk x2  
  102  8:22  Hydralisk x3  
  102  8:24  Lurker  
  102  8:27  Overlord  
  109  8:31  Lurker x3  
  109  8:34  Drone, Overlord  
  113  8:36  Overlord  
  113  8:40  Infestation Pit  
  113  8:41  Drone  
  113  8:45  Drone x4  
  113  8:46  Drone  
  118  8:51  Lurker x3  
  118  8:53  Lurker  
  118  8:55  Drone x4  
  122  8:56  Drone  
  122  8:57  Drone  
  122  9:00  Overlord  
  127  9:06  Hydralisk x3  
  127  9:09  Overlord  
  133  9:12  Extractor  
  133  9:13  Extractor  
  133  9:15  Drone x3  
  134  9:22  Lurker x3  
  133  9:32  Drone  
  133  9:33  Drone x4  
  133  9:35  Hive  
  133  9:36  Spine Crawler  
  133  9:38  Spine Crawler  
  136  9:43  Hydralisk x3  
  136  9:44  Hydralisk x2  
  146  9:51  Muscular Augments  
  146  9:55  Overseer  
  146  10:00  Hydralisk x4  
  146  10:04  Hydralisk x2  
  146  10:06  Overlord x2  
  158  10:07  Overlord x2  
  158  10:10  Overlord  
  158  10:12  Overlord  
  158  10:16  Overlord  
  158  10:17  Overlord  
  158  10:18  Overlord  
  156  10:23  Overseer  
  153  10:33  Seismic Spines  
  153  10:36  Hydralisk  
  153  10:37  Hydralisk x4  
  153  10:38  Hatchery, Evolution Chamber  
  161  10:50  Hydralisk x6  
  161  10:54  Zergling x2  
  168  10:58  Hydralisk x3  
  168  11:02  Viper  
  172  11:08  Zergling x14  
  177  11:16  Zergling x2  
  177  11:17  Zergling x16  
  180  11:20  Drone x4  
  173  11:26  Hydralisk x3  
  173  11:36  Viper x2  
  174  11:57  Hydralisk x7  
  157  12:04  Hatchery  
  145  12:08  Hydralisk  
  145  12:09  Hydralisk x4  
Show
View Real Time Build Order
Export as new Build Order

DPGPartinG Protoss - Winner!

Build Orders: 1 Gate Expand, Oracle Opening, Phoenix Opening 

Get SALT Encoding   

  12  0:00  Probe  
  13  0:12  Probe  
  14  0:19  Pylon  
  14  0:24  Probe  
  15  0:33  Probe  
  15  0:38  Gateway  
  15  0:41  Probe  
  16  0:47  Assimilator  
  17  0:51  Probe  
  18  1:03  Probe  
  19  1:15  Probe  
  20  1:24  Nexus  
  20  1:33  Cybernetics Core  
  20  1:37  Probe  
  21  1:42  Assimilator  
  21  1:49  Probe  
  21  1:52  Pylon  
  22  2:00  Adept  
  22  2:01  Probe  
  23  2:13  Probe  
  26  2:18  Stargate  
  26  2:25  Probe  
  27  2:30  Adept  
  27  2:32  Warp Gate, Probe  
  30  2:37  Probe  
  30  2:40  Probe  
  31  2:49  Probe  
  31  2:50  Oracle, Probe  
  34  3:01  Probe  
  34  3:02  Probe  
  39  3:13  Probe, Gateway  
  39  3:14  Probe  
  39  3:18  Pylon  
  39  3:19  Phoenix  
  41  3:27  Probe x2  
  43  3:29  Pylon  
  45  3:36  Oracle  
  45  3:39  Probe x2  
  50  3:51  Probe x2  
  52  3:58  Nexus  
  52  4:01  Pylon  
  52  4:03  Pylon  
  52  4:05  Probe  
  52  4:06  Probe  
  54  4:16  Assimilator x2  
  54  4:18  Probe x2  
  54  4:19  Robotics Facility  
  56  4:29  Forge, Twilight Council  
  56  4:32  Probe  
  56  4:35  Probe  
  58  4:40  Zealot  
  58  4:41  Zealot  
  58  4:43  Shield Battery  
  62  4:47  Probe  
  62  4:49  Probe  
  64  4:55  Void Ray  
  64  4:59  Probe  
  65  5:03  Sentry x2  
  70  5:13  Pylon  
  70  5:15  Immortal  
  70  5:20  Pylon, Photon Cannon  
  70  5:24  Shield Battery  
  70  5:25  Pylon  
  74  5:30  Sentry  
  74  5:32  Sentry  
  74  5:34  Probe  
  74  5:35  Probe  
  80  5:41  Shield Battery  
  80  5:43  Shield Battery  
  80  5:56  Immortal  
  73  5:57  Zealot x2  
  73  6:03  Photon Cannon  
  66  6:08  Photon Cannon  
  69  6:17  Probe  
  69  6:20  Probe, Zealot x2  
  69  6:25  Probe  
  75  6:27  Immortal  
  75  6:29  Blink, Protoss Ground Weapons Level 1  
  76  6:34  Probe  
  76  6:37  Probe  
  76  6:39  Probe  
  83  6:48  Probe  
  83  6:50  Probe  
  83  6:51  Probe  
  83  6:52  Sentry x2  
  90  6:59  Robotics Bay  
  90  7:05  Probe x2  
  90  7:06  Probe  
  90  7:08  Assimilator  
  93  7:09  Assimilator  
  93  7:10  Pylon  
  93  7:16  Zealot x2  
  97  7:25  Probe x3  
  97  7:26  Gateway  
  97  7:28  Gateway  
  100  7:35  Colossus  
  100  7:37  Probe x2  
  100  7:46  Probe  
  100  7:49  Probe x2  
  109  7:53  Gateway x2  
  109  7:55  Extended Thermal Lance  
  109  8:00  Stalker  
  109  8:02  Stalker  
  109  8:05  Probe x3  
  115  8:06  Protoss Ground Weapons Level 2  
  115  8:09  Gateway  
  116  8:13  Colossus  
  116  8:15  Pylon, Gateway  
  116  8:17  Probe  
  117  8:29  Sentry  
  125  8:37  Pylon  
  125  8:38  Probe x2  
  125  8:39  Probe  
  128  8:45  Stalker x2  
  128  8:48  Pylon x2  
  132  8:50  Pylon, Templar Archives  
  132  8:58  Pylon, Warp Prism  
  132  9:07  Nexus  
  134  9:11  Stalker  
  134  9:12  Pylon  
  135  9:26  High Templar x4  
  135  9:27  High Templar x2  
  135  9:28  Stalker  
  135  9:30  Archon x2  
  135  9:31  Archon  
  149  9:33  Nexus  
  149  9:37  Photon Cannon  
  149  9:39  Shield Battery  
  149  9:40  Stalker  
  149  9:42  Observer  
  152  9:48  Probe x3  
  155  10:00  Stalker  
  155  10:01  Stalker x6  
  155  10:04  Probe x3  
  172  10:07  Charge  
  172  10:09  Robotics Facility  
  170  10:14  Gravitic Boosters  
  170  10:21  Stalker  
  172  10:23  Observer  
  173  10:30  Probe x3  
  173  10:35  Zealot x2  
  180  10:38  Pylon  
  180  10:40  Pylon  
  180  10:41  Psionic Storm  
  180  10:42  Pylon  
  180  10:44  Pylon, Assimilator  
  180  10:46  Fleet Beacon  
  180  10:49  Assimilator  
  174  11:04  Zealot x2  
  174  11:05  Zealot x6  
  190  11:12  Immortal x2  
  179  11:28  Stalker x5  
  183  11:43  Stalker x2  
  181  11:50  Zealot  
  181  11:51  Observer  
  181  11:52  Observer x2  
  181  11:54  Zealot  
  181  11:55  Zealot x3  
  141  12:13  Zealot x4  
  141  12:14  Probe  
  141  12:15  Probe x2  
  138  12:16  Zealot x4  
  152  12:36  Zealot x5  
  152  12:37  Zealot x3  
Tags
 
Add a new tag
Caveats
  • Supply blocks, unpowered buildings, or Contaminate may cause inaccurate times.
  • Supply counts are checked every 10 seconds.